 Dungeon Crawl Stone Soup version 0.29-a0-506-ga2e7fffb44 (webtiles) character file.

Game seed: 17382960309742212628

202 avis the Sneak (level 5, -5/36 HPs)
             Began as an Octopode Transmuter on May 29, 2022.
             Killed by divine providence
             ... invoked by an orc priest
              (13 damage)
             ... on level 3 of the Dungeon.
             The game lasted 00:13:18 (4293 turns).

avis the Sneak (Octopode Transmuter)                Turns: 4293, Time: 00:13:22

Health: -5/36      AC:  1    Str: 12    XL:     5   Next: 80%
Magic:  8/8        EV: 13    Int: 15    God:
Gold:   130        SH:  0    Dex: 12    Spells: 0/8 levels left

rFire   . . .      SeeInvis .   l - +3 rapier
rCold   . . .      Faith    .   (no shield)
rNeg    . . .      Spirit   .   (helmet currently unavailable)
rPois   .          Reflect  .   (no amulet)
rElec   .          Harm     .   (no ring)
rCorr   .          Rampage  .   (no ring)
Will    .....                   (no ring)
Stlth   +++.......              (no ring)
HPRegen 0.12/turn               (no ring)
MPRegen 0.11/turn               (no ring)
                                (no ring)
                                (no ring)

@: appendages
A: tentacle spike 3, almost no armour, amphibious, 8 rings, camouflage 1,
gelatinous body 1, (nimble swimmer 1), tentacles
a: End Transformation


You were on level 3 of the Dungeon.
One of your tentacles had grown a beastly spike.
You visited 1 branch of the dungeon, and saw 3 of its levels.

You collected 130 gold pieces.

Inventory:

Hand Weapons
 l - a +3 rapier (weapon)
 n - a +0 vorpal halberd
 s - a +0 hunting sling
Jewellery
 g - an amulet of faith
 p - a +4 ring of evasion
Scrolls
 c - a scroll of vulnerability {unknown}
 d - a scroll of brand weapon {unknown}
 e - 4 scrolls of teleportation {unknown}
 i - a scroll of noise {unknown}
 j - a scroll of blinking {unknown}
 m - a scroll of immolation {unknown}
 q - a scroll of enchant armour {unknown}
 r - 4 scrolls of identify {unknown}
 t - a scroll of torment {unknown}
Potions
 a - 2 potions of lignification
 b - 3 potions of curing {unknown}
 f - a potion of haste {unknown}
 h - 4 potions of attraction {unknown}
 k - 2 potions of berserk rage
 o - a potion of heal wounds {unknown}
 u - a potion of cancellation {unknown}


   Skills:
 - Level 3.0 Fighting
 - Level 3.0 Dodging
 - Level 4.0 Stealth
 - Level 3.0 Unarmed Combat
 - Level 2.0 Spellcasting
 * Level 2.7 Transmutations
 - Level 2.0 Poison Magic


You couldn't memorise any spells.
You knew the following spells:

 Your Spells              Type           Power      Damage    Failure   Level
a - Beastly Appendage     Tmut           18%        N/A       8%          1
p - Spider Form           Tmut/Pois      8%         N/A       26%         3
q - Ice Form              Ice/Tmut       5%         N/A       77%         4

Your spell library contained the following spells:

 Spells                   Type           Power      Damage    Failure   Level
 Wereblood                Tmut           9%         N/A       11%         2


Dungeon Overview and Level Annotations

Branches:
Dungeon (3/15)

Altars:


Innate Abilities, Weirdness & Mutations

One of your tentacles has grown a beastly spike.
You cannot wear most types of armour.
You are amphibious.
You can wear up to eight rings at the same time.
Your skin changes colour to match your surroundings (Stealth+).
Your rubbery body absorbs attacks. (AC +1, EV +1)
((You are camouflaged when in or above water. (Stealth+)))
You have tentacles for arms and can constrict up to eight enemies at once.


Message History

There is an open door here.
An adder and 2 orc wizards come into view.
The orc wizard shouts! x2; The adder hisses angrily.
You hear a shout! x3
An orc priest comes into view. It is wielding a +0 short sword.
The orc wizard misses you.
Casting: Beastly Appendage (safe; 9% risk of failure)
Confirm with . or Enter, or press ? or * to list all spells.
One of your tentacles grows a vicious spike.
The orc priest looks braver for a moment.
An orc priest comes into view. It is wielding a +0 falchion.
The orc wizard hits you but does no damage.
You closely miss the orc wizard. Your grab misses the orc wizard.
Your tentacle spike misses the orc wizard.
You squeeze the orc wizard!
The orc wizard is heavily wounded.
An orc priest comes into view. It is wielding a +0 flail.
You closely miss the orc wizard. You grab the orc wizard.
You squeeze the orc wizard.
The orc wizard is moderately wounded.
You constrict the orc wizard. You hit the orc wizard.
The orc wizard is heavily wounded.
You constrict the orc wizard.
The orc wizard points at you and mumbles some strange words.
The magic dart hits you!
The orc wizard mumbles some strange words.
The orc wizard flickers and vanishes!
Deactivating autopickup; reactivate with Ctrl-A.
The orc wizard hits you with a +0 dagger.
You hit the orc wizard.
You pierce the orc wizard.
You kill the orc wizard!
You miss something.
Your tentacle spike misses something.
Something hits you.
You closely miss something. Something hits you but does no damage.
You closely miss something. Something hits you.
The orc priest mumbles some strange prayers to Beogh against you.
Beogh smites you!
* * * LOW HITPOINT WARNING * * *
The orc priest calls down the wrath of Beogh upon you.
Beogh smites you!
You die...

#######.....##..#
###
................#
#############...#
#...# #####...#
#.......#
#.#####.#
####.#####.#
#....@)Sooo#
#.......#####.#
#.......#
........#
##......#
........#
#....##.# .... #.
#


You could see 3 orc priests and an adder.

Vanquished Creatures
  An orc wizard (D:3)
  3 adders
  7 gnolls
  2 worms
  4 dart slugs (D:1)
  3 orcs (D:3)
  7 endoplasms
  3 giant cockroaches
  6 goblins
  4 hobgoblins
  2 jackals (D:2)
  4 kobolds
  6 quokkas
  3 ball pythons
  3 bats
  2 frilled lizards
  7 rats
67 creatures vanquished.

Vanquished Creatures (others)
  3 plants (D:2)
  4 withered plants (D:2)
7 creatures vanquished.

Grand Total: 74 creatures vanquished

Notes
Turn   | Place    | Note
-------+----------+-------------------------------------------
     0 | D:1      | avis the Octopode Transmuter began the quest for the Orb.
     0 | D:1      | Reached XP level 1. HP: 13/13 MP: 3/3
   163 | D:1      | Reached XP level 2. HP: 19/19 MP: 3/5
   297 | D:1      | Reached skill level 1 in Stealth
   743 | D:1      | Reached skill level 2 in Stealth
   900 | D:1      | Reached XP level 3. HP: 24/25 MP: 4/6
  1279 | D:1      | Learned a level 3 spell: Spider Form
  1419 | D:2      | Reached skill level 3 in Stealth
  1419 | D:2      | Reached XP level 4. HP: 10/31 MP: 5/7
  2329 | D:2      | Reached skill level 4 in Stealth
  2528 | D:2      | Found a faded altar of an unknown god.
  3098 | D:2      | Reached XP level 5. HP: 21/36 MP: 8/8
  3250 | D:2      | Learned a level 4 spell: Ice Form
  3571 | D:3      | Reached skill level 1 in Poison Magic
  4293 | D:3      | Killed from afar by an orc priest

Illustrated notes

Levels and vault maps discovered:
D:1:      dpeg_arrival_brainrot, layout_basic, minmay_cut_off
D:2:      layout_basic, shapermc_ecumenical_altar_flowoftime,
          minmay_tetromino_i4
D:3:      layout_basic, roderic_lattice_a

Skill      XL: |  1  2  3  4  5 |
---------------+----------------+-----
Fighting       | 2 3 |  3.0
Stealth        | 2 3 4 |  4.0
Dodging        | 3 |  3.0
Poison Magic   | 2 |  2.0
Unarmed Combat | |  3.0
Spellcasting   | |  2.0
Transmutations | |  2.7

Action                   |  1- 3 |  4- 6 || total
-------------------------+-------+-------++-------
Melee: Unarmed           |    24 |    10 ||    34
       Kick              |    14 |    14 ||    28
       Tentacles         |     6 |    11 ||    17
       Constrict         |    11 |     8 ||    19
       Rapier            |    25 |    64 ||    89
       Punch             |       |     1 ||     1
 Cast: Beastly Appendage |    18 |    26 ||    44
       Spider Form       |       |     3 ||     3
 Stab: Sleeping          |     3 |    10 ||    13
Armor: Skin              |     4 |     6 ||    10
Dodge: Dodged            |    33 |    41 ||    74

Table legend: (Time is in decaauts)
 A = Elapsed time spent in this place.
 B = Non-inter-level travel time spent in this place.
 C = Inter-level travel time spent in this place.
 D = Time resting spent in this place.
 E = Time spent auto-exploring this place.
 F = Levels seen in this place.
 G = Mean time per level.
                   A        B        C        D        E       F      G
               +--------+--------+--------+--------+--------+-----+--------+
         Total |   4312 |   4102 |    210 |   1107 |   2322 |   3 | 1437.3 |
       Dungeon |   4312 |   4102 |    210 |   1107 |   2322 |   3 | 1437.3 |
               +--------+--------+--------+--------+--------+-----+--------+

Top non-repeatable levels by time:
     D:2: 2124 daAuts
     D:1: 1414 daAuts
     D:3: 773 daAuts
